 Dungeon Crawl Stone Soup version 0.18-a0-1481-g708b138 (webtiles) character file.

590 uiiiytp the Shield-Bearer (level 7, -2/63 HPs)
             Began as a Deep Dwarf Fighter on Mar 2, 2016.
             Slain by an orc warrior
             ... wielding a +0 glaive
              (18 damage)
             ... on level 5 of the Dungeon.
             The game lasted 00:31:12 (3494 turns).

uiiiytp the Shield-Bearer (Deep Dwarf Fighter)      Turns: 3494, Time: 00:31:12

Health: -2/63      AC: 12    Str: 22    XL:     7   Next: 15%
Magic:  7/7        EV:  6    Int:  8    God:
Gold:   166        SH: 10    Dex: 12    Spells: 0 memorised, 6 levels left

rFire  . . .     SeeInvis .     o - +0 spear (flame)
rCold  . . .     Gourm    .     Y - +0 plate armour
rNeg   . . .     Faith    .     c - +0 shield
rPois  .         Spirit   .     (no helmet)
rElec  .         Dismiss  .     (no cloak)
rCorr  .         Reflect  .     (no gloves)
SustAt .         Harm     .     (no boots)
MR     ++...                    (no amulet)
Stlth  ..........               I - ring of wizardry
                                F - ring of protection from magic

@: non-regenerating, very resistant to hostile enchantments, extremely
unstealthy
A: damage resistance, recharge devices, sense surroundings 1, slow regeneration
3
a: Device Recharging


You were on level 5 of the Dungeon.
You were not hungry.

You visited 1 branch of the dungeon, and saw 5 of its levels.

You collected 166 gold pieces.

Inventory:

Hand Weapons
 a - a +0 trident
 m - a +0 giant club
 o - a +0 spear of flaming (weapon)
 G - a +0 hunting sling
 L - a +0 long sword
 M - a cursed +0 mace
 R - a +0 rapier
 U - a +0 spear
 W - a +0 giant club
 Z - a +0 dagger
Missiles
 r - 83 stones
 x - 6 javelins
 E - 71 arrows
 N - 23 sling bullets (quivered)
 Q - 4 tomahawks
Armour
 b - a +0 scale mail
 c - a +0 shield (worn)
 i - a +3 leather armour
 j - a +0 robe
 l - a +0 leather armour
 t - a +0 scale mail
 D - a +2 buckler
 H - a +0 robe
 P - a +0 leather armour
 Y - a +0 plate armour (worn)
Jewellery
 F - a ring of protection from magic (left hand)
 I - a ring of wizardry (right hand)
Wands
 e - a wand of heal wounds (1/9)
Scrolls
 q - 2 scrolls of remove curse {unknown}
 u - 2 scrolls of enchant armour {unknown}
 w - a scroll of immolation {unknown}
 y - 2 scrolls of noise {unknown}
 z - a scroll of fog {unknown}
 A - a scroll of acquirement {unknown}
 B - a scroll of teleportation
 C - 3 scrolls of identify {unknown}
 K - 3 scrolls of magic mapping {unknown}
 O - a scroll of blinking {unknown}
 T - a scroll of enchant weapon {unknown}
Potions
 d - a potion of might
 h - a potion of curing
 k - a potion of degeneration {unknown}
 p - a potion of lignification {unknown}
 s - a potion of agility {unknown}
 V - a potion of mutation {unknown}
Comestibles
 f - 3 bread rations
 g - a royal jelly
 n - 6 fruits
 v - a meat ration
 J - 2 chunks of flesh


   Skills:
 + Level 3.7 Fighting
 + Level 3.0 Polearms
 + Level 5.0 Armour
 + Level 3.7 Dodging
 + Level 0.3 Stealth
 + Level 5.5 Shields
 + Level 0.6 Evocations


You had 6 spell levels left.
You didn't know any spells.

Dungeon Overview and Level Annotations

Branches:
Dungeon (5/15)
 Temple: D:4-7

Altars:
Fedhas
Nemelex Xobeh

Shops:
D:4 :


Innate Abilities, Weirdness & Mutations

You are resistant to damage.
You can recharge devices by infusing magical energy.
You passively map a small area around you.
You do not regenerate naturally.


Message History

You reach to attack!
Your shield and plate armour prevent you from hitting the orc warrior.
The orc warrior is heavily wounded.
You block the orc warrior's attack.
Attack whom?
Press: ? - help, Dir - move target cursor, f/p - orc warrior
Aim: an orc warrior, wielding a glaive and wearing a chain mail (heavily wounded)
You reach to attack!
You closely miss the orc warrior.
The orc warrior is heavily wounded.
Attack whom?
Press: ? - help, Dir - move target cursor, f/p - orc warrior
Aim: an orc warrior, wielding a glaive and wearing a chain mail (heavily wounded)
You reach to attack!
You closely miss the orc warrior.
The orc warrior is heavily wounded.
The orc warrior hits you from afar with a glaive!
* * * LOW HITPOINT WARNING * * *
You are too injured to fight recklessly!
You are too injured to fight recklessly!
The orc warrior hits you with a glaive!!
You die...

#.# #. #.# * #.
#.####### #.####
#.......# #.##..
#######.# #.##.#
#.###########.##.#
#.##........#.#...
#.##.#...##.#.#..#
#@##.#...##.#.#..#
##o#....>.<..#.#..#
#..............#...
#..#..###....<.....
#..##.# #......#.##
#..# .# #........##
#..# .....#..###.##
#.<# ........# #.##
#..# .#..#..## #...


You could see an orc warrior.

Vanquished Creatures
  A phantom (D:4)
  2 ogres
  A scorpion (D:5)
  An orc priest (D:5)
  2 orc wizards (D:5)
  A worker ant (D:4)
  5 adders
  A howler monkey skeleton (D:4)
  2 oozes
  3 worms
  3 dart slugs
  3 giant geckos
  6 orcs
  2 ball pythons
  10 giant cockroaches
  4 goblins
  7 hobgoblins
  7 jackals
  4 kobolds
  4 quokkas
  12 bats
  A giant gecko skeleton (D:5)
  2 giant newts
  9 rats
93 creatures vanquished.

Vanquished Creatures (others)
  A quokka (D:3)
1 creature vanquished.

Grand Total: 94 creatures vanquished

Notes
Turn   | Place    | Note
--------------------------------------------------------------
     0 | D:1      | uiiiytp the Deep Dwarf Fighter began the quest for the Orb.
     0 | D:1      | Reached XP level 1. HP: 20/20 MP: 1/1
   617 | D:1      | Reached XP level 2. HP: 21/27 MP: 2/2
  1041 | D:2      | Reached XP level 3. HP: 20/34 MP: 3/3
  1296 | D:2      | Reached skill level 1 in Dodging
  1452 | D:2      | Reached XP level 4. HP: 24/42 MP: 4/4
  1756 | D:3      | Found a blossoming altar of Fedhas.
  2121 | D:3      | Found a sparkling altar of Nemelex Xobeh.
  2413 | D:4      | Found Gisim's Book Boutique.
  2504 | D:4      | Noticed an ogre
  2512 | D:4      | Killed an ogre
  2512 | D:4      | Reached XP level 5. HP: 38/49 MP: 5/5
  2696 | D:4      | Noticed a phantom
  2758 | D:4      | Killed a phantom
  2758 | D:4      | Reached skill level 5 in Shields
  2758 | D:4      | Reached XP level 6. HP: 46/56 MP: 6/6
  3012 | D:5      | Entered Level 5 of the Dungeon
  3167 | D:5      | Reached XP level 7. HP: 40/62 MP: 7/7
  3313 | D:5      | Reached skill level 5 in Armour
  3481 | D:5      | HP: 3/63 [orc warrior/glaive (17)]
  3494 | D:5      | Slain by an orc warrior

Vault maps used:
D:1:      eino_arrival_druids_welcome, hangedman_decor_riveting
D:2:      first_bread, eino_tiny_chamber
D:3:      fedhas_altar_1, nemelex_altar_shiori
D:4:      serial_shops, shop
D:5:      serial_shops, nicolae_shop_crystal, minmay_misc_feat_plants,
          grunt_ministairs_15

Skill      XL: |  1  2  3  4  5  6  7 |
---------------+----------------------+-----
Fighting       | 3 |  3.7
Polearms       | 2 3 |  3.0
Dodging        | 1 2 3 |  3.7
Shields        | 4 5 |  5.5
Armour         | 4 5 |  5.0
Stealth        | |  0.3
Evocations     | |  0.6

Action                   |  1- 3 |  4- 6 |  7- 9 || total
-------------------------+-------+-------+-------++-------
Melee: Trident           |    49 |       |       ||    49
       Spear             |   100 |   221 |    69 ||   390
Evoke: Wand              |       |     3 |     5 ||     8
  Use: Scroll            |     3 |       |       ||     3
       Potion            |     1 |     2 |       ||     3
  Eat: Bread ration      |     1 |     1 |       ||     2
       Chunk             |       |     2 |       ||     2
